 Dungeon Crawl Stone Soup version 0.24.0-123-gd5b16e6ec5 (webtiles) character file.

Game seed: 17785074825758898493, levelgen mode: deterministic

22930 kimjihyun the Cleaver (level 12, -1/91 HPs)
             Began as a Demonspawn Gladiator on Jan 19, 2020.
             Was a High Priest of Qazlal.
             Killed from afar by a starcursed mass (8 damage)
             ... with an accursed screaming
             ... on level 3 of the Abyss.
             The game lasted 00:35:14 (11517 turns).

kimjihyun the Cleaver (Demonspawn Gladiator)       Turns: 11517, Time: 00:35:15

Health: -1/91      AC: 29    Str: 25    XL:     12   Next: 67%
Magic:  7/7        EV:  7    Int:  6    God:    Qazlal [*****.]
Gold:   341        SH: 20    Dex: 32    Spells: 11/11 levels left

rFire    + + .     SeeInvis .   a - +2 broad axe (elec)
rCold    + . .     Gourm    .   k - +3 buckler of Mirth {rElec rC+ rN+ Str-3}
rNeg     + . .     Faith    .   W - +1 crystal plate armour of Crawling {+Blink rPois MP-9 Dex+3}
rPois    +         Spirit   .   c - +0 helmet
rElec    +         Reflect  +   M - +0 cloak
rCorr    .         Harm     .   j - +0 pair of gloves
MR       .....     Clarity  +   Q - +1 pair of boots Stlth ..........NoTele +
                                D - +3 amulet of reflection
HPRegen  0.25/turn              L - ring of protection from fire
MPRegen  0.10/turn              K - ring of Vuzeta Nugau {Fire -Tele Str+10 Int-5 Dex+8}

@: repel missiles
A: talons 1, thin skeletal structure 2, agile 1, clarity, cold resistance 1,
demonic guardian 2, foul stench 1, rot immunity
a: Upheaval, Elemental Force, Disaster Area, Renounce Religion, Evoke Blink


You were on level 3 of the Abyss.
You worshipped Qazlal.
Qazlal was extremely pleased with you.
You were not hungry.

You visited 2 branches of the dungeon, and saw 13 of its levels.
You visited the Abyss 1 time.

You collected 517 gold pieces.
You spent 176 gold pieces at shops.

Inventory:

Hand Weapons
 a - a +2 broad axe of electrocution (weapon)
 b - the +4 whip of Defence by Offence {slash, MR++}
   (You found it on level 4 of the Dungeon)

   It inflicts extra damage upon your enemies.
   It affects your resistance to hostile enchantments.
 V - a cursed +2 spear
 X - a +4 war axe
 Z - a +4 scimitar of flaming
Missiles
 d - 7 throwing nets
 m - 28 poisoned darts (quivered)
 o - 4 atropa-tipped darts
 y - 2 javelins
Armour
 c - a +0 helmet (worn)
 j - a +0 pair of gloves (worn)
 k - the +3 buckler of Mirth (worn) {rElec rC+ rN+ Str-3}
   (You found it on level 6 of the Dungeon)

   It affects your strength (-3).
   It protects you from cold.
   It insulates you from electricity.
   It protects you from negative energy.
 H - a +0 chain mail
 I - a +1 ring mail of fire resistance
 M - a +0 cloak (worn)
 Q - a +1 pair of boots (worn)
 W - the +1 crystal plate armour of Crawling (worn) {+Blink rPois MP-9 Dex+3}
   (You acquired it on level 3 of the Abyss)

   It affects your dexterity (+3).
   It protects you from poison.
   It affects your magic capacity (-9).
   It lets you blink.
 Y - the +1 plate armour of the Heron {rF+ Dex+4}
   (You found it on level 3 of the Abyss)

   It affects your dexterity (+4).
   It protects you from fire.
Jewellery
 u - an uncursed ring of stealth
 x - an uncursed ring of magical power
 D - a +3 amulet of reflection (around neck)
 K - the ring of Vuzeta Nugau (right hand) {Fire -Tele Str+10 Int-5 Dex+8}
   (You found it on level 7 of the Dungeon)

   [ring of fire]

   It enhances your fire magic.
   It affects your strength (+10).
   It affects your intelligence (-5).
   It affects your dexterity (+8).
   It protects you from fire.
   It makes you vulnerable to cold.
   It prevents most forms of teleportation.
 L - a ring of protection from fire (left hand)
 R - an uncursed amulet of rage
Wands
 C - a wand of scattershot (6)
 J - a wand of digging (4)
 N - a wand of flame (60)
 O - a wand of iceblast (8)
 P - a wand of enslavement (8)
 U - a wand of paralysis (6)
Scrolls
 e - 4 scrolls of amnesia
 g - 3 scrolls of noise
 i - 2 scrolls of enchant armour {unknown}
 l - 3 scrolls of magic mapping {unknown}
 n - 6 scrolls of remove curse
 q - 2 scrolls of teleportation
 r - a scroll of random uselessness {unknown}
 t - 3 scrolls of blinking
 z - a scroll of fog {unknown}
 A - a scroll of enchant weapon {unknown}
 E - a scroll of immolation {unknown}
Potions
 h - 7 potions of curing
 s - 3 potions of flight
 v - a potion of heal wounds
 w - 2 potions of agility
 B - a potion of invisibility
 F - 5 potions of magic
 G - a potion of cancellation
 S - a potion of lignification
 T - a potion of degeneration {unknown}
Comestibles
 f - 20 rations
 p - 2 chunks of flesh


   Skills:
 + Level 7.5 Fighting
 * Level 12.3 Axes
 + Level 2.9 Throwing
 * Level 11.3 Armour
 - Level 2.6 Dodging
 - Level 6.1 Shields
 * Level 6.2 Invocations


You had 11 spell levels left.
You didn't know any spells.
Your spell library contained the following spells:

 Spells                   Type           Power        Failure   Level  Hunger
 Animate Skeleton         Necr           N/A          100%        1    ##.....
 Corona                   Hex            #......      100%        1    ##.....
 Magic Dart               Conj           #...         100%        1    ##.....
 Pain                     Necr           #...         100%        1    ##.....
 Sandblast                Erth           #.....       100%        1    ##.....
 Passwall                 Tmut/Erth      #.......     100%        2    ###....
 Searing Ray              Conj           #.....       100%        2    ###....
 Slow                     Hex            #.......     100%        2    ###....
 Dazzling Spray           Conj/Hex       #.....       100%        3    ####...
 Inner Flame              Hex/Fire       #.......     100%        3    ####...
 Portal Projectile        Hex/Tloc       #.....       100%        3    ####...
 Regeneration             Chrm/Necr      #.........   100%        3    ####...
 Stone Arrow              Conj/Erth      #.....       100%        3    ####...
 Vampiric Draining        Necr           #.........   100%        3    ####...
 Animate Dead             Necr           N/A          100%        4    #####..
 Cause Fear               Hex            #.........   100%        4    #####..
 Force Lance              Conj/Tloc      #.......     100%        4    #####..
 Fulminant Prism          Conj/Hex       #.........   100%        4    #####..
 Iskenderun's Mystic Bla  Conj           #.......     100%        4    #####..
 Leda's Liquefaction      Hex/Erth       #.........   100%        4    #####..
 Petrify                  Tmut/Erth      #.......     100%        4    #####..
 Lee's Rapid Deconstruct  Erth           #.........   100%        5    ######.


Dungeon Overview and Level Annotations

Branches:
Dungeon (14/15)            Temple (1/1) D:7            Lair (0/6) D:10
    Orc: D:9-12      Vaults: D:13-14

Altars:
Ashenzari
Cheibriados
Dithmenos
Elyvilon
Fedhas
Gozag
Hepliaklqana
Kikubaaqudgha
Makhleb
Nemelex Xobeh
Okawaru
Qazlal
Ru
Sif Muna
Trog
Uskayaw
Vehumet
Wu Jian
Xom
Yredelemnul
Zin
The Shining One

Shops:
D:6 !

Annotations:
D:3 1 transporter
D:5 1 exclusion, Dowan, Duvessa


Innate Abilities, Weirdness & Mutations

You have sharp toenails.
You have a moderately thin skeletal structure. (Dex +4, Stealth+)
Your flesh is cold resistant. (rC+)
A demonic guardian rushes to your aid.
You may emit foul miasma when damaged in melee.
You are immune to rotting.
You are agile. (Dex +2)
You possess an exceptional clarity of mind.


Message History

Your soul eater hits the alligator skeleton!
The starcursed mass shrieks in your mind.
* * * LOW HITPOINT WARNING * * *
You hit the starcursed mass but do no damage.
The starcursed mass is almost destroyed.
You slash the small abomination!
You catch the helpless alligator skeleton completely off-guard!
You slice the alligator skeleton!!
You block the small abomination's attack.
The alligator skeleton bites you but does no damage.
You block the alligator skeleton's attack.
Your soul eater hits the alligator skeleton!
The alligator skeleton is destroyed!
Qazlal accepts your kill.
You can now call upon nature's wrath in a wide area around you.
You feel the corruption within you wane completely.
You feel stronger. x2
A starcursed mass splits.
A chorus of shrieks assaults your mind.
You die...

.. ..#.. . . ... ..#
...≈≈ .... . ##. # ..#
.....#≈... #... .
...####..≈#≈≈.. ...
....#....≈#.# .' .⌠.
............♣# .
...........X...≈≈#.. .
.. .#.###..○§X$☼.≈...
# .' #...# #..@x§# .
... .... ####3○.##
..... ... ...#.....# #
.... .......§†....≈#
....# ....x........# .
. .......[.........#
.....#.....#.....#...#
#...# #...###...###...
. ..# .... .....# ..#


You could see 2 starcursed masses, an ancient zyme, a small abomination and a
friendly soul eater.

Vanquished Creatures
  A tentacled starspawn (Abyss:3)
  A centaur warrior (D:14)
  A tengu warrior (D:14)
  A sun demon (Abyss:3)
  2 large abominations (Abyss:3)
  A wizard (D:14)
  An unseen horror (D:14)
  An apocalypse crab (Abyss:3)
  2 smoke demons (Abyss:3)
  An efreet (Abyss:3)
  A troll (D:9)
  2 hornets (D:10)
  A slime creature (D:14)
  3 hippogriffs
  A raiju (Abyss:3)
  A centaur simulacrum (D:14)
  2 shadows
  2 wraiths (D:9)
  11 yaks (D:10)
  16 humans (D:14)
  A redback simulacrum (D:14)
  A hungry ghost (D:10)
  A water moccasin (D:10)
  An eye of draining (D:9)
  A sky beast (D:9)
  2 orc warriors
  3 black bears
  A phantom (D:7)
  A necrophage (D:9)
  5 ogres
  11 centaurs
  An elf zombie (D:9)
  A big kobold (D:10)
  6 bullfrogs
  3 scorpions
  5 killer bees (D:11)
  4 howler monkeys
  5 wights
  4 jellies
  4 crimson imps
  A quasit (D:9)
  2 bullfrog zombies
  A centaur zombie (D:9)
  3 human zombies (D:9)
  7 hounds
  Crazy Yiuf (D:7)
  6 orc priests
  6 orc wizards
  2 bullfrog skeletons
  Jessica (D:2)
  A human skeleton (D:9)
  2 iguanas
  4 worker ants
  2 hound skeletons (D:5)
  2 howler monkey zombies
  A mummy (D:9)
  A worker ant zombie (D:10)
  4 gnolls (D:9)
  A howler monkey skeleton (D:10)
  8 adders
  6 shadow imps
  An ooze (D:1)
  2 adder skeletons
  2 worms (D:4)
  3 dart slugs
  4 leopard geckos
  30 orcs
  8 bats
  5 giant cockroaches
  5 hobgoblins
  8 jackals
  11 kobolds
  4 quokkas
  A ball python (D:5)
  7 frilled lizards
  6 goblins
  A jackal skeleton (D:4)
  2 leopard gecko skeletons
  An orc zombie (D:9)
  5 rats (D:2)
  A lurking horror (Abyss:3)
282 creatures vanquished.

Vanquished Creatures (collateral kills)
  Harold (D:7)
  A vault guard (D:14)
  A wretched star (Abyss:3)
  A wolf spider zombie (D:14)
  A necromancer (D:14)
  An elephant (D:10)
  2 slime creatures (D:14)
  A centaur zombie (D:14)
  A centaur skeleton (D:14)
  2 kobold demonologists (Abyss:3)
  A demonic crawler (Abyss:3)
  A troll (D:7)
  3 raiju (Abyss:3)
  An alligator skeleton (Abyss:3)
  A human (D:14)
  2 small abominations (Abyss:3)
  5 yaks (D:10)
  A basilisk (D:10)
  A chaos spawn (Abyss:3)
  Eustachio (D:5)
  An ice beast (D:6)
  An eye of draining (D:10)
  2 orc warriors
  An ogre (D:10)
  3 centaurs
  A crocodile (D:10)
  A big kobold (Abyss:3)
  5 wights (D:6)
  A hound (D:9)
  5 orc wizards
  2 iguanas
  A worker ant (D:7)
  A howler monkey skeleton (D:3)
  A shadow imp (D:14)
  5 orcs
  3 kobolds (Abyss:3)
  A starspawn tentacle (Abyss:3)
64 creatures vanquished.

Vanquished Creatures (others)
  A centaur warrior (D:14)
  A blink frog (shapeshifter) (Abyss:3)
  3 centaurs
  An orc (D:14)
  2 kobolds (Abyss:3)
  3 plants (D:9)
  3 starspawn tentacles (Abyss:3)
14 creatures vanquished.

Grand Total: 360 creatures vanquished

Notes
Turn   | Place    | Note
-------+----------+-------------------------------------------
     0 | D:1      | kimjihyun the Demonspawn Gladiator began the quest for the
                  | Orb.
     0 | D:1      | Reached XP level 1. HP: 16/16 MP: 1/1
   323 | D:1      | Reached skill level 3 in Axes
   323 | D:1      | Gained mutation: You are immune to rotting. [demonic
                  | ancestry]
   323 | D:1      | Reached XP level 2. HP: 13/22 MP: 2/2
   870 | D:1      | Gained mutation: You have a somewhat thin skeletal
                  | structure. (Dex +2, Stealth) [demonic ancestry]
   870 | D:1      | Reached XP level 3. HP: 27/27 MP: 3/3
  1151 | D:2      | Reached skill level 1 in Armour
  1172 | D:2      | Found an ancient bone altar of Kikubaaqudgha.
  1209 | D:2      | Noticed Jessica
  1213 | D:2      | Killed Jessica
  1213 | D:2      | Gained mutation: A weak demonic guardian rushes to your
                  | aid. [demonic ancestry]
  1213 | D:2      | Reached XP level 4. HP: 34/34 MP: 4/4
  1364 | D:2      | Reached skill level 4 in Axes
  1819 | D:3      | Found a sparkling altar of Nemelex Xobeh.
  1819 | D:3      | Found a transporter.
  1820 | D:3      | Noticed a centaur
  2379 | D:4      | Gained mutation: A demonic guardian rushes to your aid.
                  | [demonic ancestry]
  2379 | D:4      | Reached XP level 5. HP: 32/40 MP: 5/5
  2750 | D:4      | Gained mutation: You have a moderately thin skeletal
                  | structure. (Dex +4, Stealth+) [demonic ancestry]
  2750 | D:4      | Reached XP level 6. HP: 44/47 MP: 6/6
  3009 | D:4      | Reached skill level 5 in Axes
  3087 | D:4      | Found a snail-covered altar of Cheibriados.
  3144 | D:4      | Got an iridescent whip
  3145 | D:4      | Identified the +4 whip of Defence by Offence {slash, MR++}
                  | (You found it on level 4 of the Dungeon)
  3207 | D:4      | Found a hide-covered altar of Uskayaw.
  3380 | D:5      | Entered Level 5 of the Dungeon
  3603 | D:5      | Reached XP level 7. HP: 44/52 MP: 7/7
  3753 | D:5      | Noticed Duvessa
  3753 | D:5      | Noticed Dowan
  4196 | D:5      | Noticed Eustachio
  4207 | D:5      | Killed Eustachio
  4229 | D:5      | Found a shimmering altar of Xom.
  4231 | D:5      | Found a shimmering altar of Xom.
  4231 | D:5      | Found a shimmering altar of Xom.
  4232 | D:5      | Found a shimmering altar of Xom.
  4349 | D:5      | Reached skill level 5 in Armour
  4973 | D:6      | Reached skill level 6 in Axes
  5030 | D:6      | Reached XP level 8. HP: 52/60 MP: 8/8
  5562 | D:6      | Found Istiab's Distillery.
  5761 | D:6      | Got a scorched buckler
  5767 | D:6      | Identified the +3 buckler of Mirth {rElec rC+ rN+ Str-3}
                  | (You found it on level 6 of the Dungeon)
  6081 | D:6      | Bought a potion of mutation for 88 gold pieces
  6081 | D:6      | Gained mutation: You are agile. (Dex +2) [potion of
                  | mutation]
  6081 | D:6      | Gained mutation: You possess an exceptional clarity of
                  | mind. [potion of mutation]
  6287 | D:6      | Bought a potion of might for 44 gold pieces
  6287 | D:6      | Bought a potion of might for 44 gold pieces
  6333 | D:7      | Noticed a troll
  6351 | D:7      | Killed a troll
  6560 | D:7      | Noticed Harold
  6571 | D:7      | Killed Harold
  6571 | D:7      | Reached skill level 5 in Fighting
  6571 | D:7      | Reached skill level 1 in Shields
  6571 | D:7      | Gained mutation: You have sharp toenails. [demonic
                  | ancestry]
  6571 | D:7      | Reached XP level 9. HP: 68/68 MP: 9/9
  6622 | D:7      | Got a brightly glowing iron ring
  6624 | D:7      | Identified the ring of Vuzeta Nugau {Fire -Tele Str+10
                  | Int-5 Dex+8} (You found it on level 7 of the Dungeon)
  6944 | D:7      | Found a runed translucent door.
  6945 | D:7      | Noticed Crazy Yiuf
  7058 | D:7      | Found a staircase to the Ecumenical Temple.
  7073 | Temple   | Entered the Ecumenical Temple
  7141 | Temple   | Became a worshipper of Qazlal Stormbringer
  7315 | D:7      | Found a shimmering blue altar of Sif Muna.
  7644 | D:7      | Killed Crazy Yiuf
  7998 | D:8      | Found an iron altar of Okawaru.
  8356 | D:8      | Found a burning altar of Makhleb.
  8521 | D:9      | Reached * piety under Qazlal
  8651 | D:9      | Noticed a troll
  8655 | D:9      | Killed a troll
  8655 | D:9      | Reached skill level 10 in Armour
  8655 | D:9      | Reached XP level 10. HP: 62/75 MP: 10/10
  8930 | D:9      | Found a basalt altar of Yredelemnul.
  9007 | D:9      | Reached ** piety under Qazlal
  9269 | D:9      | Reached skill level 7 in Axes
  9322 | D:10     | Entered Level 10 of the Dungeon
  9560 | D:10     | Paralysed by a centaur for 2 turns
  9696 | D:10     | Reached skill level 8 in Axes
  9723 | D:10     | Noticed an elephant
  9734 | D:10     | Killed an elephant
  9746 | D:10     | Reached *** piety under Qazlal
  9746 | D:10     | Reached skill level 9 in Axes
  9746 | D:10     | Gained mutation: You may emit foul miasma when damaged in
                  | melee. [demonic ancestry]
  9746 | D:10     | Reached XP level 11. HP: 37/81 MP: 1/11
  9991 | D:10     | Found a staircase to the Lair.
 10038 | D:10     | Reached skill level 1 in Invocations
 10389 | D:11     | Reached skill level 5 in Shields
 10411 | D:11     | You fall into a shaft and drop 3 floors!
 10456 | D:14     | Noticed a tengu warrior
 10457 | D:14     | Noticed a centaur warrior
 10460 | D:14     | Killed a centaur warrior
 10460 | D:14     | Reached skill level 10 in Axes
 10462 | D:14     | Killed a tengu warrior
 10581 | D:14     | Reached **** piety under Qazlal
 10623 | D:14     | Killed an unseen horror
 10625 | D:14     | Noticed a centaur warrior
 10634 | D:14     | Killed a centaur warrior
 10642 | D:14     | Noticed a wizard
 10660 | D:14     | Paralysed by a wizard for 6 turns
 10666 | D:14     | Killed a wizard
 10726 | D:14     | Reached skill level 11 in Axes
 10937 | D:14     | Noticed a necromancer
 10940 | D:14     | Killed a necromancer
 10940 | D:14     | Gained mutation: Your flesh is cold resistant. (rC+)
                  | [demonic ancestry]
 10940 | D:14     | Reached XP level 12. HP: 79/91 MP: 15/15
 11095 | D:14     | Noticed a vault guard
 11117 | D:14     | Killed a vault guard
 11117 | D:14     | Paralysed by a human for 7 turns
 11125 | D:14     | Reached skill level 5 in Invocations
 11339 | D:14     | Identified the +5 rapier "Ysmenurph" {pierce, MP+9 Dex+4}
 11345 | D:14     | Noticed a vault guard
 11351 | D:14     | Cast into level 3 of the Abyss (a wizard)
 11357 | Abyss:3  | Got a polished plate armour
 11368 | Abyss:3  | Identified the cursed +1 plate armour of the Heron {rF+
                  | Dex+4} (You found it on level 3 of the Abyss)
 11401 | Abyss:3  | Found a corrupted altar of Lugonu.
 11416 | Abyss:3  | Reached ***** piety under Qazlal
 11442 | Abyss:3  | Noticed a tentacled starspawn
 11450 | Abyss:3  | Identified a scroll of acquirement
 11451 | Abyss:3  | Got a translucent crystal plate armour
 11453 | Abyss:3  | Killed a tentacled starspawn
 11453 | Abyss:3  | Reached skill level 12 in Axes
 11465 | Abyss:3  | Identified the +1 crystal plate armour of Crawling {+Blink
                  | rPois MP-9 Dex+3} (You acquired it on level 3 of the Abyss)
 11497 | Abyss:3  | Noticed a starcursed mass
 11517 | Abyss:3  | Killed from afar by a starcursed mass

Levels and vault maps discovered:
D:1:      roderic_crossed_star, layout_basic
D:2:      layout_rooms, overflow_temple_1_default, uniq_jessica
D:3:      layout_rooms, serial_undead, serial_undead_e, serial_undead_c,
          serial_undead_a, serial_undead_d, moated_statue,
          grunt_nemelex_the_gamble
D:4:      cheibrodos_pilgrimage, layout_loops_cross, cheibriados_altar_1,
          lemuel_coloured_pillars_altar, minmay_checkerbox
D:5:      layout_basic, first_ration, minmay_misc_feat_columns, xom_redecorated,
          uniq_eustachio, uniq_duvessa
D:6:      layout_basic, serial_shops, shop_fountains, minivault_10,
          minmay_a_box_with_orc_wizards_in_it
D:7:      layout_layer_cave, lemuel_crystal_altar,
          minmay_temple_entry_antechambers, dk_noncrumbling_2,
          uniq_crazy_yiuf_cottage, uniq_harold
D:8:      layout_basic, lightli_temple_of_fire, okawaru_metal_pillars_3
D:9:      layout_loops_ring, lemuel_mausoleum_altar_yredelemnul,
          serial_bayou_pond_c
D:10:     layout_irregular_city, david_lair_generic
D:11:     layout_long_grid, serial_shops, shop
D:14:     cheibrodos_breeding_chamber, layout_basic, grunt_vaults_entry_tiered,
          solitary_fountain
Temple:   eino_wide_crystal_templ
Abyss:3:  base:
D:1

Skill      XL: |  1  2  3  4  5  6  7  8  9 10 11 12 |
---------------+-------------------------------------+-----
Axes           | 3 4 5 6 9 11 12 | 12.3
Throwing       | 2 |  2.9
Armour         | 1 2 4 5 8 10 11 | 11.3
Fighting       | 3 4 5 6 7 |  7.5
Shields        | 1 3 4 5 6 |  6.1
Invocations    | 4 6 |  6.2
Dodging        | |  2.6

Action                   |  1- 3 |  4- 6 |  7- 9 | 10-12 || total
-------------------------+-------+-------+-------+-------++-------
Melee: War axe           |    87 |   141 |       |   348 ||   576
       Whip              |       |    34 |   383 |    35 ||   452
       Kick              |       |       |    59 |       ||    59
       Broad axe         |       |       |       |    65 ||    65
Throw: Dart              |     4 |     2 |     6 |    21 ||    33
       Javelin           |       |       |       |     2 ||     2
Invok: Elemental Force   |       |       |       |     2 ||     2
  Use: Potion            |       |     1 |     3 |     2 ||     6
       Scroll            |       |       |     8 |     7 ||    15
 Stab: Sleeping          |       |     4 |     5 |       ||     9
       Distracted        |       |       |     2 |     4 ||     6
  Eat: Chunk             |     1 |     4 |    13 |    12 ||    30
       Ration            |       |     1 |     1 |       ||     2
Armor: Leather armour    |    15 |       |       |       ||    15
       Scale mail        |    42 |    68 |    22 |       ||   132
       Chain mail        |       |       |   107 |   165 ||   272
       Plate armour      |       |       |       |    12 ||    12
       Crystal plate arm |       |       |       |    11 ||    11
Dodge: Dodged            |    68 |   103 |   125 |   114 ||   410
       Deflected         |       |       |       |     3 ||     3
Block: Other             |       |       |     9 |       ||     9
       Buckler           |       |       |   134 |   354 ||   488
       Reflection        |       |       |     7 |    31 ||    38
